 Dungeon Crawl Stone Soup version 0.23.0-3-gf3c87f2df8 (webtiles) character file.

Game seed: 12509307940607784512

99 Descartes the Firebug (level 4, -6/22 HPs)
             Began as a Vine Stalker Wanderer on Feb 21, 2019.
             Killed by nerve-wracking pain
             ... invoked by an orc priest
              (9 damage)
             ... on level 3 of the Dungeon.
             The game lasted 00:07:51 (1890 turns).

Descartes the Firebug (Vine Stalker Wanderer)       Turns: 1890, Time: 00:07:51

Health: -6/22      AC: 10    Str: 14    XL:     4   Next: 72%
Magic:  0/8        EV: 11    Int: 15    God:
Gold:   107        SH:  0    Dex: 12    Spells: 4/7 levels left

rFire    . . .     SeeInvis .   o - +2 quarterstaff (chaos)
rCold    . . .     Gourm    .   (shield currently unavailable)
rNeg     . . .     Faith    .   d - +0 robe
rPois    +         Spirit   +   (no helmet)
rElec    .         Reflect  .   r - +2 cloak {rPois}
rCorr    .         Harm     .   l - +2 pair of gloves
MR       .....                  a - +1 pair of boots
Stlth    +.........             (no amulet)
HPRegen  0.47/turn              j - ring of wizardry
MPRegen  0.11/turn              (no ring)

@: no status effects
A: fangs 2, regeneration 1, magic shield, antimagic bite, no potion heal 3, rot
immunity
a: no special abilities


You were on level 3 of the Dungeon.
You were not hungry.

You visited 1 branch of the dungeon, and saw 3 of its levels.

You collected 107 gold pieces.

Inventory:

Hand Weapons
 h - a +2 spear of piercing
 o - a +2 quarterstaff of chaos (weapon)
Missiles
 b - 15 stones (quivered)
 k - 13 poisoned needles
 n - 6 tomahawks
Armour
 a - a +1 pair of boots (worn)
 d - a +0 robe (worn)
 l - a +2 pair of gloves (worn)
 r - a +2 cloak of poison resistance (worn)
Jewellery
 j - a ring of wizardry (left hand)
Scrolls
 c - 3 scrolls of teleportation
 g - a scroll of immolation {unknown}
 i - a scroll of remove curse
 q - a scroll of blinking {unknown}
 t - a scroll of noise {unknown}
Potions
 e - a potion of lignification
 m - a potion of might
 p - a potion of heal wounds {unknown}
Comestibles
 f - 4 rations
 s - 4 chunks of flesh


   Skills:
 + Level 1.6 Fighting
 - Level 1.7 Polearms
 - Level 1.0 Throwing
 + Level 1.0 Dodging
 + Level 1.2 Unarmed Combat
 * Level 2.0 Spellcasting
 * Level 0.9 Conjurations
 * Level 1.2 Transmutations
 * Level 3.2 Fire Magic
   Level 2.0 Poison Magic
   Level 1.0 Evocations


You had 4 spell levels left.
You knew the following spells:

 Your Spells              Type           Power        Failure   Level  Hunger
a - Beastly Appendage     Tmut           #.....       6%          1    #......
b - Throw Flame           Conj/Fire      #.....       6%          2    ###....

Your spell library contained the following spells:

 Spells                   Type           Power        Failure   Level  Hunger
 Flame Tongue             Conj/Fire      #....        4%          1    #......
 Ignite Poison            Fire/Tmut/Pois #.......     11%         3    ###....
 Conjure Flame            Conj/Fire      #.......     12%         3    ###....
 Inner Flame              Hex/Fire       #.......     14%         3    ###....
 Sticky Flame             Conj/Fire      #.......     34%         4    #####..
 Fireball                 Conj/Fire      #.........   67%         5    ######.


Dungeon Overview and Level Annotations

Branches:
Dungeon (3/15)

Altars:


Innate Abilities, Weirdness & Mutations

You have extremely sharp teeth.
Your natural rate of healing is unusually fast.
When hurt, damage is shared between your health and your magic reserves.
Your bite disrupts and absorbs the magic of your enemies.
Potions cannot restore your health.
You are immune to rotting.


Message History

You see here a +0 club.
There isn't anything to butcher here.
You start resting.
The orc warrior is too close now for your liking.
The orc warrior shouts!
The orc priest shouts!
There is a stone staircase leading up here.
The orc priest mumbles some strange prayers to Beogh against you.
Pain shoots through your body!
You barely miss the orc warrior.
The orc warrior hits you with a +0 short sword!
The orc warrior hits you with a +0 short sword.
You hit the orc warrior but do no damage.
You bite the orc warrior, but do no damage.
A bat comes into view.
The orc warrior hits you with a +0 short sword!
Ouch! That really hurt!
* * * LOW HITPOINT WARNING * * *
The orc priest calls down the wrath of Beogh upon you.
Pain shoots through your body!
You die...

.÷.####).........##.#.###
.÷......................#
..........<..............
.#.>###..............#...
###..................# .
#.....>..............#
..####...............#
#### #...###...o.....#
...##########.o.@...####..
..........................
...##..###........)..###.
...###.....#.........#
...# #######.........#
...# #.........# ####
##.......## ##.....##
#######


You could see an orc warrior and an orc priest.

Vanquished Creatures
  An orc priest (D:3)
  Crazy Yiuf (D:2)
  An adder (D:3)
  A worm (D:2)
  3 leopard geckos
  A ball python (D:1)
  A giant cockroach (D:3)
  5 hobgoblins
  4 kobolds
  A quokka (D:2)
  A bat (D:2)
  3 frilled lizards
  2 goblins
  2 rats (D:1)
27 creatures vanquished.

Notes
Turn   | Place    | Note
-------+----------+-------------------------------------------
     0 | D:1      | Descartes the Vine Stalker Wanderer began the quest for the
                  | Orb.
     0 | D:1      | Descartes set off with the following items: a scroll of
                  | teleportation, a +0 robe, a +0 club, a ration; and the
                  | following spells available to memorise: Flame Tongue, Throw
                  | Flame, Beastly Appendage, Ignite Poison, Conjure Flame,
                  | Inner Flame, Sticky Flame, Fireball
     0 | D:1      | Reached XP level 1. HP: 10/10 MP: 2/2
   463 | D:1      | You fall through a shaft!
   549 | D:2      | Reached XP level 2. HP: 14/14 MP: 4/4
   576 | D:2      | Reached skill level 1 in Spellcasting
  1194 | D:2      | Reached XP level 3. HP: 18/18 MP: 6/6
  1202 | D:2      | Learned a level 1 spell: Beastly Appendage
  1205 | D:2      | Learned a level 2 spell: Throw Flame
  1344 | D:2      | Found a runed translucent door.
  1345 | D:2      | Noticed Crazy Yiuf
  1581 | D:2      | Killed Crazy Yiuf
  1581 | D:2      | Reached skill level 1 in Unarmed Combat
  1749 | D:3      | Gained mutation: Your natural rate of healing is unusually
                  | fast. [Vine Stalker growth]
  1749 | D:3      | Reached XP level 4. HP: 22/22 MP: 5/7
  1793 | D:3      | Noticed an orc warrior
  1809 | D:3      | Reached skill level 1 in Transmutations
  1814 | D:3      | Reached skill level 1 in Dodging
  1890 | D:3      | Killed from afar by an orc priest

Skill      XL: |  1  2  3  4 |
---------------+-------------+-----
Spellcasting   | 1 2 |  2.0
Unarmed Combat | 1 |  1.2
Transmutations | 1 |  1.2
Dodging        | 1 |  1.0
Fighting       | |  1.6
Polearms       | |  1.7
Throwing       | |  1.0
Conjurations   | |  0.9
Fire Magic     | |  3.2
Poison Magic   | |  2.0
Evocations     | |  1.0

Action                   |  1- 3 |  4- 6 || total
-------------------------+-------+-------++-------
Melee: Spear             |    43 |       ||    43
       Hand axe          |     4 |       ||     4
       Bite              |     6 |     5 ||    11
       Quarterstaff      |     3 |    17 ||    20
  Use: Scroll            |     4 |       ||     4
 Stab: Invisible         |     1 |       ||     1
  Eat: Chunk             |     2 |     1 ||     3
Armor: Robe              |     8 |     5 ||    13
Dodge: Dodged            |    17 |    14 ||    31
